Construct Infanterie Kompanie
Selects Mechanized Battlegroup
Infanterie Officer Quarters
Selects Mobile Repair Stations
Construct Luftwaffe Kompanie
Luftwaffe Officer Quarters
Selects StuG Assault Group
Selects UNKNOWN (2160084)
Marder III M Tank Destroyer
Selects Stoßtruppen Assault Package
Marder III M Tank Destroyer
Selects Wespe Self-propelled Artillery
Selects Zeroing Artillery Barrage
Zeroing Artillery Barrage
Construct Panzer Kompanie
Zeroing Artillery Barrage
Zeroing Artillery Barrage
Zeroing Artillery Barrage